 Dungeon Crawl Stone Soup version 0.29-a0-802-g34511f41fd (webtiles) character file.

Game seed: 5299194946846305513

17 lesbiats the Insei (level 2, 0/21 HPs)
             Began as a Merfolk Transmuter on July 3, 2022.
             Slain by a frilled lizard (3 damage)
             ... on level 1 of the Dungeon.
             The game lasted 00:04:22 (1039 turns).

lesbiats the Insei (Merfolk Transmuter)             Turns: 1039, Time: 00:04:23

Health: 0/21       AC:  2    Str: 10    XL:     2   Next: 62%
Magic:  5/5        EV: 13    Int: 12    God:
Gold:   56         SH:  0    Dex: 14    Spells: 4/5 levels left

rFire   . . .      SeeInvis .   b - +1 mace (protect)
rCold   . . .      Faith    .   (no shield)
rNeg    . . .      Spirit   .   a - +0 robe
rPois   .          Reflect  .   (no helmet)
rElec   .          Harm     .   (no cloak)
rCorr   .          Rampage  .   (no gloves)
Will    .....                   (no boots)
Stlth   +.........              (no amulet)
HPRegen 0.07/turn               (no ring)
MPRegen 0.09/turn               (no ring)

@: no status effects
A: (nimble swimmer 2), mertail
a: no special abilities


You were on level 1 of the Dungeon.
You visited 1 branch of the dungeon, and saw 1 of its levels.

You collected 56 gold pieces.

Inventory:

Hand Weapons
 b - a +1 mace of protection (weapon)
Armour
 a - a +0 robe (worn)
Scrolls
 c - a scroll of immolation {unknown}
Potions
 d - a potion of heal wounds {unknown}


   Skills:
 + Level 1.5 Fighting
 * Level 0.0 Maces & Flails
 + Level 3.0 Dodging
 + Level 3.5 Unarmed Combat
 + Level 2.2 Spellcasting
 + Level 3.0 Transmutations


You had 4 spell levels left.
You knew the following spells:

 Your Spells              Type           Power      Damage    Failure   Level
a - Beastly Appendage     Tmut           16%        N/A       8%          1

Your spell library contained the following spells:

 Spells                   Type           Power      Damage    Failure   Level
 Wereblood                Tmut           8%         N/A       12%         2
 Spider Form              Tmut/Pois      5%         N/A       38%         3
 Ice Form                 Ice/Tmut       5%         N/A       80%         4


Dungeon Overview and Level Annotations

Branches:
Dungeon (1/15)

Altars:


Innate Abilities, Weirdness & Mutations

((You are very nimble when in or above water. (Stealth+, EV+, Speed+++)))
Your lower body shifts to a powerful aquatic tail in water.


Message History

The frilled lizard attacks as you move away!
The frilled lizard bites you. The ball python barely misses you.
The ball python closely misses you.
You barely miss the frilled lizard.
The ball python bites you but does no damage.
The ball python misses you. The frilled lizard bites you.
The ball python closely misses you. The ball python grabs you.
The ball python constricts you.
You barely miss the frilled lizard.
The frilled lizard bites you but does no damage.
The ball python bites you but does no damage.
The ball python constricts you.
You barely miss the frilled lizard.
The ball python bites you but does no damage.
The ball python constricts you. The ball python closely misses you.
The ball python constricts you.
The frilled lizard hisses.
The frilled lizard bites you.
You barely miss the frilled lizard. The ball python barely misses you.
The ball python constricts you. The frilled lizard barely misses you.
The frilled lizard bites you. The ball python bites you.
The ball python constricts you.
You escape the ball python's grasp.
The frilled lizard bites you.
* * * LOW HITPOINT WARNING * * *
Okay, then.
You barely miss the frilled lizard. The frilled lizard bites you.
* * * LOW HITPOINT WARNING * * *
The frilled lizard completely misses you.
The frilled lizard barely misses you. The frilled lizard closely misses you.
You miss the frilled lizard. The frilled lizard closely misses you.
The frilled lizard bites you.
* * * LOW HITPOINT WARNING * * *
The frilled lizard attacks as you move away!
The frilled lizard closely misses you.
The frilled lizard attacks as you move away!
The frilled lizard closely misses you.
The frilled lizard barely misses you. x2
The frilled lizard attacks as you move away!
The frilled lizard bites you.
You die...

######### ........# .# ........#
..# ........# #...#
........###### #...####### ###
.......?.....###.........# #..
########....Sll#.........####..
##############.#@..##......##....
.........## #....###............
..........## ###....###...######.
...........# #..#....>.#######.
...........# ##.###.............
...........# #.........#......##
...........# #.###.......####...
...........####.......##### ####
..........###.........##


You could see a ball python and 2 frilled lizards.

Vanquished Creatures
  2 goblins (D:1)
  A hobgoblin (D:1)
  3 jackals (D:1)
  A kobold (D:1)
  2 ball pythons (D:1)
  2 bats (D:1)
  3 frilled lizards (D:1)
  4 rats (D:1)
18 creatures vanquished.

Notes
Turn   | Place    | Note
-------+----------+-------------------------------------------
     0 | D:1      | lesbiats the Merfolk Transmuter began the quest for the
                  | Orb.
     0 | D:1      | Reached XP level 1. HP: 15/15 MP: 3/3
   459 | D:1      | Reached XP level 2. HP: 15/21 MP: 3/5
  1039 | D:1      | Slain by a frilled lizard

Illustrated notes

Levels and vault maps discovered:
D:1:      ncdulo_watergridlock, layout_rooms

Skill      XL: |  1  2 |
---------------+-------+-----
Transmutations | 3 |  3.0
Dodging        | 3 |  3.0
Fighting       | |  1.5
Unarmed Combat | |  3.5
Spellcasting   | |  2.2

Action                   || total
-------------------------++-------
Melee: Unarmed           ||    42
       Headbutt          ||     3
       Mace              ||     6
 Cast: Beastly Appendage ||     3
  Use: Potion            ||     1
Armor: Robe              ||    14
       Skin              ||    27
Dodge: Dodged            ||    58

Table legend: (Time is in decaauts)
 A = Elapsed time spent in this place.
 B = Non-inter-level travel time spent in this place.
 C = Inter-level travel time spent in this place.
 D = Time resting spent in this place.
 E = Time spent auto-exploring this place.
 F = Levels seen in this place.
 G = Mean time per level.
                   A        B        C        D        E       F      G
               +--------+--------+--------+--------+--------+-----+--------+
         Total |   1037 |   1030 |      7 |    820 |     60 |   1 | 1037.0 |
       Dungeon |   1037 |   1030 |      7 |    820 |     60 |   1 | 1037.0 |
               +--------+--------+--------+--------+--------+-----+--------+

Top non-repeatable levels by time:
     D:1: 1037 daAuts
